St.Louis Blues vs Hartford Whalers
Created - Saturday, November 2, 2024 at 09:27
Goals
|
| St.Louis Blues |
1 |
0 |
0 |
1 |
| Hartford Whalers |
1 |
1 |
0 |
2 |
|
Shots
|
| St.Louis Blues |
14 |
9 |
7 |
30 |
| Hartford Whalers |
11 |
5 |
16 |
32 |
|
1st period
1. St.Louis Blues , Logan O'Connor 7 (Lars Eller 8, Jake Sanderson 22) at 17:56
2. Hartford Whalers , Matt Duchene 22 (Nick Suzuki 36, Charlie McAvoy 22) at 18:30
Penalties :
Matthew Coronato (HFD) for Roughing (Double Minor) at 2:36, Dakota Joshua (STL) for Tripping (Minor) at 15:41
2nd period
3. Hartford Whalers , Joshua Norris 17 (Morgan Frost 21, T.J. Oshie 22) at 7:02
Penalties :
Charlie McAvoy (HFD) for High sticking (Minor) at 8:37, T.J. Oshie (HFD) for Checking from behind (Minor) at 15:42
3rd period
No Goal
Penalties :
No Penalty
Goalie Stats
Scott Wedgewood (STL), 30 saves from 32 shots - (0.938), L, 8-6-6, 59:39 minutes
Spencer Knight (HFD), 29 saves from 30 shots - (0.967), W, 13-12-1, 60:00 minutes
Players Stats for St.Louis Blues
Player Name G A P +/- PIM S H SB GA TA FO MP PP MP PK MP
------------------------------------------------------------------------------------
Alex Pietrangelo 0 0 0 -2 0 2 2 1 0 1 0/0 24:41 2:59 0:00
Alex Tuch 0 0 0 0 0 2 1 2 1 0 0/0 17:33 3:33 0:00
Claude Giroux 0 0 0 0 0 1 3 0 1 1 2/3 17:27 4:33 0:00
Colton Parayko 0 0 0 -1 0 2 1 0 0 2 0/0 22:04 0:00 0:44
Dakota Joshua 0 0 0 1 2 1 1 0 1 0 1/1 8:59 1:02 0:00
Elias Lindholm 0 0 0 0 0 7 1 0 1 1 2/2 16:24 3:44 0:40
Elias Pettersson 0 0 0 0 0 2 1 0 2 0 0/1 19:32 3:01 0:34
Jaccob Slavin 0 0 0 0 0 0 1 2 0 0 0/0 16:40 0:00 1:15
Jack Eichel 0 0 0 0 0 3 1 0 0 0 7/21 19:55 4:02 0:00
Jake Guentzel 0 0 0 -2 0 2 1 0 0 0 1/1 18:55 3:48 0:21
Jake Sanderson 0 1 1 1 0 0 0 1 0 2 0/0 17:53 1:28 0:44
Lars Eller 0 1 1 1 0 1 1 0 0 0 4/5 8:56 0:00 0:55
Logan O'Connor 1 0 1 1 0 1 3 0 0 0 0/0 9:39 0:48 0:55
Mark Stone 0 0 0 0 0 3 2 1 0 0 0/2 18:34 3:08 0:00
Mikhail Sergachev 0 0 0 0 0 0 1 0 0 0 0/0 11:27 0:00 0:00
Nick Leddy 0 0 0 0 0 0 0 0 0 0 0/0 13:19 0:00 1:15
Robert Thomas 0 0 0 -2 0 2 2 0 1 0 9/14 18:57 3:55 0:33
Tage Thompson 0 0 0 -2 0 1 4 0 0 0 1/1 17:05 3:44 0:00
Players Stats for Hartford Whalers
Player Name G A P +/- PIM S H SB GA TA FO MP PP MP PK MP
------------------------------------------------------------------------------------
Alec Martinez 0 0 0 -1 0 0 1 0 0 2 0/0 17:05 0:00 0:52
Anthony Cirelli 0 0 0 1 0 1 1 0 0 1 1/1 20:00 1:06 2:50
Charlie McAvoy 0 1 1 1 2 2 3 1 0 0 0/0 21:31 1:14 2:55
Joshua Norris 1 0 1 1 0 3 1 0 0 1 9/11 15:08 0:53 0:00
Kaapo Kakko 0 0 0 -1 0 1 0 0 1 0 0/1 15:28 0:00 3:32
Kaiden Guhle 0 0 0 -1 0 0 0 2 0 1 0/0 19:55 0:00 4:10
Lukas Reichel 0 0 0 0 0 0 0 0 0 0 0/0 9:25 0:00 1:36
Matt Duchene 1 0 1 1 0 5 0 1 0 0 1/2 17:14 1:06 0:00
Matthew Coronato 0 0 0 0 4 0 1 0 0 0 0/0 8:41 0:00 1:05
Miles Wood 0 0 0 -1 0 3 3 0 1 2 4/13 15:43 0:00 3:38
Morgan Frost 0 1 1 1 0 2 1 0 1 0 0/0 15:08 0:53 0:00
Nick Suzuki 0 1 1 1 0 4 2 1 1 0 8/19 20:12 1:06 3:02
Ryan McDonagh 0 0 0 1 0 4 2 1 0 0 0/0 21:52 1:14 3:35
Ryan Suter 0 0 0 1 0 1 3 1 0 0 0/0 21:43 0:45 4:10
Samuel Girard 0 0 0 1 0 0 0 0 0 0 0/0 18:13 0:45 0:12
T.J. Oshie 0 1 1 1 2 1 4 0 0 0 0/0 15:14 0:53 0:00
Taylor Hall 0 0 0 0 0 2 1 0 1 0 0/3 7:40 0:00 0:11
Tomas Tatar 0 0 0 -1 0 3 0 1 2 0 1/1 11:48 0:00 0:00
3 Stars
1 - Spencer Knight (HFD)
2 - Logan O'Connor (STL)
3 - Joshua Norris (HFD)
Power Play
St.Louis Blues - 0 on 4 Attempt(s) - 0.00%
Hartford Whalers - 0 on 1 Attempt(s) - 0.00%
Penalty Kill
St.Louis Blues - 1 on 1 Attempt(s) - 100.00%
- Score 0 goal in Penalty Kill
Hartford Whalers - 4 on 4 Attempt(s) - 100.00%
- Score 0 goal in Penalty Kill
Team Stat
St.Louis Blues - Hits : 26 - Faceoff Wins : 27 - Blocked Shots : 7 - Penalty Minutes : 2
Hartford Whalers - Hits : 23 - Faceoff Wins : 24 - Blocked Shots : 8 - Penalty Minutes : 8
Official
Referees : Furman South and Cody Beach
Linesman : Kyle Flemington and Ryan Daisy
Game Notes
No Game Note
Finance
Level 1 -- Attendance: 5903 (59.03%) -- Ticket Income $531,270
Level 2 -- Attendance: 4800 (96.00%) -- Ticket Income $264,000
Level 3 -- Attendance: 3000 (100.00%) -- Ticket Income $90,000
Level 4 -- Attendance: 4924 (98.48%) -- Ticket Income $98,480
Luxury Box -- Attendance: 1000 (100.00%) -- Ticket Income $190,000
Game was played at the Hartford Civic Center.
Total Attendance: 19627 (81.78%)
Total Ticket Income: $1,173,750
Other Income: $410,812
Total Income: $1,584,562
St.Louis Blues
5 vs 5 Forward
Center Left Wing Right Wing Time % Phy DF OF
1 Jack Eichel Elias Pettersson Mark Stone 40 0 2 3
2 Robert Thomas Jake Guentzel Tage Thompson 30 0 2 3
3 Claude Giroux Alex Tuch Elias Lindholm 25 0 3 2
4 Lars Eller Dakota Joshua Logan O'Connor 5 2 2 1
5 vs 5 Defense
Defense Defense Time % Phy DF OF
1 Colton Parayko Alex Pietrangelo 45 1 2 2
2 Jake Sanderson Jaccob Slavin 35 1 2 2
3 Mikhail Sergachev Nick Leddy 20 1 2 2
4 Nick Leddy Colton Parayko 0 1 2 2
PowerPlay Forward
Center Left Wing Right Wing Time % Phy DF OF
1 Robert Thomas Elias Pettersson Jake Guentzel 60 1 0 4
2 Elias Lindholm Tage Thompson Mark Stone 40 1 0 4
PowerPlay Defense
Defense Defense Time % Phy DF OF
1 Jack Eichel Claude Giroux 60 0 1 4
2 Alex Tuch Alex Pietrangelo 40 0 1 4
Penalty Kill 4 Players Forward
Center Wing Time % Phy DF OF
1 Lars Eller Logan O'Connor 50 1 4 0
2 Elias Lindholm Dakota Joshua 50 1 4 0
Penalty Kill 4 Players Defense
Defense Defense Time % Phy DF OF
1 Jake Sanderson Colton Parayko 50 1 4 0
2 Jaccob Slavin Nick Leddy 50 1 4 0
Penalty Kill - 3 Players Forward
Forward Time % Phy DF OF
1 Elias Lindholm 50 0 5 0
2 Lars Eller 50 0 5 0
Penalty Kill - 3 Players Defense
Defense Defense Time % Phy DF OF
1 Jake Sanderson Colton Parayko 50 0 5 0
2 Nick Leddy Jaccob Slavin 50 0 5 0
4 vs 4 Forward
Center Wing Time % Phy DF OF
1 Jack Eichel Elias Pettersson 50 0 2 3
2 Robert Thomas Jake Guentzel 50 0 2 3
4 vs 4 Defense
Defense Defense Time % Phy DF OF
1 Jake Sanderson Alex Pietrangelo 50 1 2 2
2 Colton Parayko Jaccob Slavin 50 1 2 2
Last Minutes Offensive
Center Left Wing Right Wing Defense Defense
Robert Thomas Elias Pettersson Jake Guentzel Jack Eichel Claude Giroux
Last Minutes Defensive
Center Left Wing Right Wing Defense Defense
Lars Eller Logan O'Connor Elias Lindholm Jake Sanderson Colton Parayko
Goaltenders
Starting : Scott Wedgewood
Backup : Connor Hellebuyck
Extra Forwards
Normal : Robert Thomas, Jake Guentzel, Tage Thompson - PP : Mark Stone, Dakota Joshua - PK : Robert Thomas
Extra Defensemen
Normal : Jake Sanderson, Colton Parayko, Jaccob Slavin - PP : Colton Parayko - PK : Jaccob Slavin, Colton Parayko
Penalty Shots
Elias Pettersson, Tage Thompson, Alex Tuch, Jack Eichel, Jake Guentzel
Scratches
Yanni Gourde (Healthy), Colin Blackwell (Healthy), Adam Pelech (Healthy)
Hartford Whalers
5 vs 5 Forward
Center Left Wing Right Wing Time % Phy DF OF
1 Nick Suzuki Matt Duchene Anthony Cirelli 30 1 2 2
2 Joshua Norris T.J. Oshie Morgan Frost 30 1 2 2
3 Miles Wood Tomas Tatar Kaapo Kakko 25 1 2 2
4 Taylor Hall Lukas Reichel Matthew Coronato 15 1 2 2
5 vs 5 Defense
Defense Defense Time % Phy DF OF
1 Charlie McAvoy Ryan McDonagh 35 1 2 2
2 Samuel Girard Ryan Suter 35 1 2 2
3 Kaiden Guhle Alec Martinez 30 1 2 2
4 Charlie McAvoy Ryan McDonagh 0 1 2 2
PowerPlay Forward
Center Left Wing Right Wing Time % Phy DF OF
1 Nick Suzuki Matt Duchene Anthony Cirelli 50 1 2 2
2 Joshua Norris T.J. Oshie Morgan Frost 50 1 2 2
PowerPlay Defense
Defense Defense Time % Phy DF OF
1 Charlie McAvoy Ryan McDonagh 50 1 2 2
2 Samuel Girard Ryan Suter 50 1 2 2
Penalty Kill 4 Players Forward
Center Wing Time % Phy DF OF
1 Nick Suzuki Anthony Cirelli 50 1 2 2
2 Miles Wood Kaapo Kakko 50 1 2 2
Penalty Kill 4 Players Defense
Defense Defense Time % Phy DF OF
1 Charlie McAvoy Ryan McDonagh 50 1 2 2
2 Kaiden Guhle Ryan Suter 50 1 2 2
Penalty Kill - 3 Players Forward
Forward Time % Phy DF OF
1 Matt Duchene 50 1 2 2
2 Taylor Hall 50 1 2 2
Penalty Kill - 3 Players Defense
Defense Defense Time % Phy DF OF
1 Charlie McAvoy Ryan McDonagh 50 1 2 2
2 Samuel Girard Ryan Suter 50 1 2 2
4 vs 4 Forward
Center Wing Time % Phy DF OF
1 Matt Duchene Nick Suzuki 50 1 2 2
2 Anthony Cirelli Tomas Tatar 50 1 2 2
4 vs 4 Defense
Defense Defense Time % Phy DF OF
1 Charlie McAvoy Ryan McDonagh 50 1 2 2
2 Alec Martinez Ryan Suter 50 1 2 2
Last Minutes Offensive
Center Left Wing Right Wing Defense Defense
Nick Suzuki Matt Duchene Anthony Cirelli Charlie McAvoy Ryan McDonagh
Last Minutes Defensive
Center Left Wing Right Wing Defense Defense
Nick Suzuki Matt Duchene Anthony Cirelli Charlie McAvoy Ryan McDonagh
Goaltenders
Starting : Spencer Knight
Backup : Anton Forsberg
Extra Forwards
Normal : Matthew Coronato, Nick Suzuki, Matt Duchene - PP : Anthony Cirelli, Joshua Norris - PK : Lukas Reichel
Extra Defensemen
Normal : Ryan McDonagh, Charlie McAvoy, Ryan Suter - PP : Charlie McAvoy - PK : Charlie McAvoy, Ryan McDonagh
Penalty Shots
Matthew Coronato, Nick Suzuki, Matt Duchene, Anthony Cirelli, Joshua Norris
Scratches
Josh Anderson (Healthy), Braden Schneider (Healthy), Oliver Wahlstrom (Healthy)
% Time on Ice - St.Louis Blues
Lines # - Real PCT - Wanted PCT - Time Play
Normal Forward
1 - 32% - 40% - 15:40
2 - 28% - 30% - 13:45
3 - 24% - 25% - 11:53
4 - 15% - 5% - 7:32
Normal Defense
1 - 42% - 45% - 20:43
2 - 34% - 35% - 16:40
3 - 22% - 20% - 10:50
4 - 1% - 0% - 0:37
PP Forward
1 - 52% - 60% - 4:06
2 - 48% - 40% - 3:51
PP Defense
1 - 57% - 60% - 4:33
2 - 43% - 40% - 3:24
PK Forward
1 - 46% - 50% - 0:55
2 - 54% - 50% - 1:04
PK Defense
1 - 37% - 50% - 0:44
2 - 63% - 50% - 1:15
PK3 Forward
1 - 0% - 50%
2 - 0% - 50%
PK3 Defense
1 - 0% - 50%
2 - 0% - 50%
44 Forward
1 - 0% - 50%
2 - 0% - 50%
44 Defense
1 - 0% - 50%
2 - 0% - 50%
Last Minute Offensive - 1:14
Last Minute Defensive - 0:00
Total
Forward - 60:00
Defense - 60:00
|
% Time on Ice - Hartford Whalers
Lines # - Real PCT - Wanted PCT - Time Play
Normal Forward
1 - 30% - 30% - 14:49
2 - 30% - 30% - 14:43
3 - 24% - 25% - 11:48
4 - 15% - 15% - 7:29
Normal Defense
1 - 35% - 35% - 17:08
2 - 35% - 35% - 17:02
3 - 30% - 30% - 14:39
4 - 0% - 0% - 0:00
PP Forward
1 - 55% - 50% - 1:06
2 - 45% - 50% - 0:53
PP Defense
1 - 62% - 50% - 1:14
2 - 38% - 50% - 0:45
PK Forward
1 - 45% - 50% - 3:37
2 - 55% - 50% - 4:20
PK Defense
1 - 48% - 50% - 3:47
2 - 52% - 50% - 4:10
PK3 Forward
1 - 0% - 50%
2 - 0% - 50%
PK3 Defense
1 - 0% - 50%
2 - 0% - 50%
44 Forward
1 - 0% - 50%
2 - 0% - 50%
44 Defense
1 - 0% - 50%
2 - 0% - 50%
Last Minute Offensive - 0:00
Last Minute Defensive - 1:15
Total
Forward - 60:00
Defense - 60:00
|
Play-by-Play
1st period
0:01 of 1st period - Nick Suzuki wins face-off versus Jack Eichel in neutral zone.
0:04 of 1st period - Wrist shot by Matt Duchene.
0:04 of 1st period - Deflect By Nick Suzuki.
0:04 of 1st period - Stopped by Scott Wedgewood with a rebound.
0:23 of 1st period - Icing by Charlie McAvoy.
0:24 of 1st period - Tage Thompson wins face-off versus Nick Suzuki in Hartford Whalers zone.
0:35 of 1st period - Snap shot by Elias Lindholm.
0:35 of 1st period - Deflect By Alex Tuch.
0:35 of 1st period - Stopped by Spencer Knight with a rebound.
0:37 of 1st period - Slapshot by Jake Sanderson.
0:37 of 1st period - Shot Blocked by Matt Duchene.
0:39 of 1st period - Wrist shot by Elias Lindholm.
0:39 of 1st period - Stopped by Spencer Knight without a rebound.
0:40 of 1st period - Joshua Norris wins face-off versus Robert Thomas in Hartford Whalers zone.
0:50 of 1st period - Off-side.
0:51 of 1st period - Dakota Joshua wins face-off versus Miles Wood in neutral zone.
1:16 of 1st period - Tomas Tatar is hit by Tage Thompson and loses puck.
1:45 of 1st period - Kaiden Guhle is hit by Tage Thompson and loses puck.
1:51 of 1st period - Off-side.
1:52 of 1st period - Joshua Norris wins face-off versus Jack Eichel in neutral zone.
2:26 of 1st period - Slapshot by Charlie McAvoy.
2:26 of 1st period - Shot Misses the Net.
2:36 of 1st period - Double Minor Penalty to Matthew Coronato for Roughing.
2:37 of 1st period - Anthony Cirelli wins face-off versus Robert Thomas in Hartford Whalers zone.
3:06 of 1st period - Icing by Tage Thompson.
3:07 of 1st period - Elias Lindholm wins face-off versus Miles Wood in St.Louis Blues zone.
3:12 of 1st period - Snap shot by Jack Eichel.
3:12 of 1st period - Shot Blocked by Ryan Suter.
4:00 of 1st period - Slapshot by Mark Stone.
4:00 of 1st period - Shot Misses the Net.
4:02 of 1st period - Backhand shot by Elias Lindholm.
4:02 of 1st period - Stopped by Spencer Knight with a rebound.
4:04 of 1st period - Slapshot by Jack Eichel.
4:04 of 1st period - Stopped by Spencer Knight with a rebound.
4:06 of 1st period - Snap shot by Mark Stone.
4:06 of 1st period - Stopped by Spencer Knight without a rebound.
4:07 of 1st period - Robert Thomas wins face-off versus Nick Suzuki in Hartford Whalers zone.
4:20 of 1st period - Snap shot by Robert Thomas.
4:20 of 1st period - Shot Misses the Net.
4:22 of 1st period - Slapshot by Alex Pietrangelo.
4:22 of 1st period - Shot Misses the Net.
5:07 of 1st period - Anthony Cirelli is hit by Claude Giroux and loses puck.
5:34 of 1st period - Charlie McAvoy is hit by Logan O'Connor and loses puck.
5:39 of 1st period - Slapshot by Jack Eichel.
5:39 of 1st period - Stopped by Spencer Knight without a rebound.
5:40 of 1st period - Robert Thomas wins face-off versus Nick Suzuki in Hartford Whalers zone.
6:36 of 1st period - Penalty to Matthew Coronato is over, Matthew Coronato is back on ice.
6:47 of 1st period - Wrist shot by Miles Wood.
6:47 of 1st period - Shot Misses the Net.
6:53 of 1st period - Snap shot by Joshua Norris.
6:53 of 1st period - Stopped by Scott Wedgewood with a rebound.
7:19 of 1st period - Tage Thompson is hit by Anthony Cirelli and loses puck.
7:41 of 1st period - Charlie McAvoy is hit by Elias Lindholm and loses puck.
7:56 of 1st period - Snap shot by Lukas Reichel.
7:56 of 1st period - Shot Blocked by Mark Stone.
7:58 of 1st period - Slapshot by Ryan McDonagh.
7:58 of 1st period - Stopped by Scott Wedgewood without a rebound.
7:59 of 1st period - Jack Eichel wins face-off versus Miles Wood in St.Louis Blues zone.
8:42 of 1st period - Wrist shot by Taylor Hall.
8:42 of 1st period - Shot Misses the Net.
8:54 of 1st period - Alec Martinez is hit by Tage Thompson and loses puck.
9:25 of 1st period - Off-side.
9:26 of 1st period - Claude Giroux wins face-off versus Nick Suzuki in neutral zone.
9:29 of 1st period - Snap shot by Elias Lindholm.
9:29 of 1st period - Stopped by Spencer Knight with a rebound.
9:53 of 1st period - Jaccob Slavin is hit by Joshua Norris and loses puck.
10:22 of 1st period - Wrist shot by Miles Wood.
10:22 of 1st period - Stopped by Scott Wedgewood without a rebound.
10:23 of 1st period - Robert Thomas wins face-off versus Miles Wood in St.Louis Blues zone.
10:36 of 1st period - Snap shot by Jake Guentzel.
10:36 of 1st period - Stopped by Spencer Knight with a rebound.
11:09 of 1st period - Wrist shot by Miles Wood.
11:09 of 1st period - Stopped by Scott Wedgewood without a rebound.
11:10 of 1st period - Nick Suzuki wins face-off versus Jack Eichel in St.Louis Blues zone.
11:38 of 1st period - Slapshot by Jack Eichel.
11:38 of 1st period - Deflect By Elias Lindholm.
11:38 of 1st period - Stopped by Spencer Knight with a rebound.
11:40 of 1st period - Snap shot by Alex Pietrangelo.
11:40 of 1st period - Stopped by Spencer Knight without a rebound.
11:41 of 1st period - Claude Giroux wins face-off versus Joshua Norris in Hartford Whalers zone.
12:40 of 1st period - Snap shot by Anthony Cirelli.
12:40 of 1st period - Stopped by Scott Wedgewood with a rebound.
12:46 of 1st period - Colton Parayko is hit by Ryan Suter and loses puck.
13:19 of 1st period - Snap shot by Elias Lindholm.
13:19 of 1st period - Shot Misses the Net.
13:51 of 1st period - Slapshot by Miles Wood.
13:51 of 1st period - Stopped by Scott Wedgewood with a rebound.
13:53 of 1st period - Slapshot by Charlie McAvoy.
13:53 of 1st period - Shot Blocked by Alex Pietrangelo.
13:55 of 1st period - Snap shot by Ryan McDonagh.
13:55 of 1st period - Deflect By Tomas Tatar.
13:55 of 1st period - Stopped by Scott Wedgewood with a rebound.
14:18 of 1st period - Snap shot by Taylor Hall.
14:18 of 1st period - Stopped by Scott Wedgewood with a rebound.
14:33 of 1st period - Snap shot by Alex Tuch.
14:33 of 1st period - Deflect By Nick Suzuki.
14:33 of 1st period - Stopped by Spencer Knight with a rebound.
14:46 of 1st period - Snap shot by Alex Tuch.
14:46 of 1st period - Deflect By Elias Lindholm.
14:46 of 1st period - Stopped by Spencer Knight without a rebound.
14:47 of 1st period - Joshua Norris wins face-off versus Jack Eichel in Hartford Whalers zone.
15:18 of 1st period - Snap shot by Lars Eller.
15:18 of 1st period - Stopped by Spencer Knight without a rebound.
15:19 of 1st period - Lars Eller wins face-off versus Nick Suzuki in Hartford Whalers zone.
15:20 of 1st period - Wrist shot by Dakota Joshua.
15:20 of 1st period - Shot Blocked by Ryan McDonagh.
15:41 of 1st period - Minor Penalty to Dakota Joshua for Tripping.
15:42 of 1st period - Lars Eller wins face-off versus Matt Duchene in St.Louis Blues zone.
15:56 of 1st period - Charlie McAvoy is hit by Logan O'Connor and loses puck.
17:20 of 1st period - Icing by Matt Duchene.
17:21 of 1st period - Joshua Norris wins face-off versus Elias Pettersson in Hartford Whalers zone.
17:40 of 1st period - Matt Duchene is hit by Logan O'Connor and loses puck.
17:41 of 1st period - Penalty to Dakota Joshua is over, Dakota Joshua is back on ice.
17:56 of 1st period - Slapshot by Logan O'Connor.
17:56 of 1st period - Goal by Logan O'Connor - St.Louis Blues : 1 - Hartford Whalers : 0.
17:57 of 1st period - Joshua Norris wins face-off versus Jack Eichel in neutral zone.
18:04 of 1st period - Jack Eichel is hit by T.J. Oshie.
18:13 of 1st period - Wrist shot by Morgan Frost.
18:13 of 1st period - Stopped by Scott Wedgewood with a rebound.
18:30 of 1st period - Snap shot by Matt Duchene.
18:30 of 1st period - Goal by Matt Duchene - St.Louis Blues : 1 - Hartford Whalers : 1.
18:31 of 1st period - Jack Eichel wins face-off versus Nick Suzuki in neutral zone.
18:34 of 1st period - Nick Suzuki is hit by Elias Pettersson and loses puck.
19:04 of 1st period - Snap shot by Jake Guentzel.
19:04 of 1st period - Shot Misses the Net.
19:06 of 1st period - Snap shot by Tage Thompson.
19:06 of 1st period - Deflect By Robert Thomas.
19:06 of 1st period - Shot Misses the Net.
19:06 of 1st period - Puck is out of play.
19:07 of 1st period - Robert Thomas wins face-off versus Miles Wood in Hartford Whalers zone.
19:32 of 1st period - Robert Thomas is hit by Charlie McAvoy and loses puck.
Goals for this period are 1 for St.Louis Blues vs 1 for Hartford Whalers.
Shots for this period are 14 for St.Louis Blues vs 11 for Hartford Whalers.
2nd period
0:01 of 2nd period - Nick Suzuki wins face-off versus Jack Eichel in neutral zone.
0:26 of 2nd period - Jake Sanderson is hit by T.J. Oshie and loses puck.
0:31 of 2nd period - Snap shot by Joshua Norris.
0:31 of 2nd period - Stopped by Scott Wedgewood with a rebound.
2:05 of 2nd period - Wrist shot by Tage Thompson.
2:05 of 2nd period - Shot Blocked by Kaiden Guhle.
2:07 of 2nd period - Slapshot by Tage Thompson.
2:07 of 2nd period - Deflect By Nick Suzuki.
2:07 of 2nd period - Stopped by Spencer Knight with a rebound.
2:25 of 2nd period - Wrist shot by Elias Lindholm.
2:25 of 2nd period - Stopped by Spencer Knight without a rebound.
2:26 of 2nd period - Jack Eichel wins face-off versus Kaapo Kakko in Hartford Whalers zone.
2:41 of 2nd period - Slapshot by Mark Stone.
2:41 of 2nd period - Shot Blocked by Tomas Tatar.
2:53 of 2nd period - Miles Wood is hit by Alex Tuch and loses puck.
3:07 of 2nd period - Snap shot by Miles Wood.
3:07 of 2nd period - Shot Hit the Post.
3:24 of 2nd period - Ryan Suter is hit by Colton Parayko and loses puck.
4:22 of 2nd period - Alex Tuch is hit by Nick Suzuki and loses puck.
4:43 of 2nd period - Joshua Norris is hit by Jake Guentzel and loses puck.
5:00 of 2nd period - Wrist shot by Jack Eichel.
5:00 of 2nd period - Shot Misses the Net.
5:32 of 2nd period - Slapshot by Tomas Tatar.
5:32 of 2nd period - Stopped by Scott Wedgewood without a rebound.
5:33 of 2nd period - Miles Wood wins face-off versus Claude Giroux in St.Louis Blues zone.
5:52 of 2nd period - Miles Wood is hit by Alex Pietrangelo and loses puck.
6:09 of 2nd period - Snap shot by Elias Lindholm.
6:09 of 2nd period - Stopped by Spencer Knight without a rebound.
6:10 of 2nd period - Matt Duchene wins face-off versus Jack Eichel in Hartford Whalers zone.
6:41 of 2nd period - Wrist shot by Robert Thomas.
6:41 of 2nd period - Deflect By Jake Guentzel.
6:41 of 2nd period - Shot Misses the Net.
6:41 of 2nd period - Puck is out of play.
6:42 of 2nd period - Robert Thomas wins face-off versus Joshua Norris in Hartford Whalers zone.
7:02 of 2nd period - Snap shot by Joshua Norris.
7:02 of 2nd period - Goal by Joshua Norris - St.Louis Blues : 1 - Hartford Whalers : 2.
7:03 of 2nd period - Jack Eichel wins face-off versus Nick Suzuki in neutral zone.
7:06 of 2nd period - Wrist shot by Elias Pettersson.
7:06 of 2nd period - Stopped by Spencer Knight with a rebound.
7:08 of 2nd period - Slapshot by Colton Parayko.
7:08 of 2nd period - Stopped by Spencer Knight with a rebound.
7:10 of 2nd period - Slapshot by Alex Pietrangelo.
7:10 of 2nd period - Stopped by Spencer Knight without a rebound.
7:11 of 2nd period - Nick Suzuki wins face-off versus Jack Eichel in Hartford Whalers zone.
7:18 of 2nd period - Slapshot by Ryan McDonagh.
7:18 of 2nd period - Stopped by Scott Wedgewood with a rebound.
7:32 of 2nd period - Slapshot by Jack Eichel.
7:32 of 2nd period - Shot Blocked by Charlie McAvoy.
8:37 of 2nd period - Minor Penalty to Charlie McAvoy for High sticking.
8:38 of 2nd period - Robert Thomas wins face-off versus Miles Wood in Hartford Whalers zone.
9:25 of 2nd period - Alec Martinez is hit by Dakota Joshua and loses puck.
10:37 of 2nd period - Penalty to Charlie McAvoy is over, Charlie McAvoy is back on ice.
10:47 of 2nd period - Lars Eller is hit by Miles Wood and loses puck.
11:00 of 2nd period - Nick Leddy is hit by T.J. Oshie and loses puck.
11:37 of 2nd period - Elias Lindholm is hit by Charlie McAvoy and loses puck.
11:50 of 2nd period - Tage Thompson is hit by Ryan McDonagh and loses puck.
12:00 of 2nd period - Icing by T.J. Oshie.
12:01 of 2nd period - Lars Eller wins face-off versus Taylor Hall in Hartford Whalers zone.
12:28 of 2nd period - Snap shot by Claude Giroux.
12:28 of 2nd period - Stopped by Spencer Knight with a rebound.
13:18 of 2nd period - Snap shot by Kaapo Kakko.
13:18 of 2nd period - Shot Misses the Net.
13:26 of 2nd period - Miles Wood is hit by Tage Thompson.
14:05 of 2nd period - Snap shot by Elias Pettersson.
14:05 of 2nd period - Stopped by Spencer Knight with a rebound.
14:07 of 2nd period - Slapshot by Mark Stone.
14:07 of 2nd period - Stopped by Spencer Knight without a rebound.
14:08 of 2nd period - Joshua Norris wins face-off versus Jack Eichel in Hartford Whalers zone.
15:34 of 2nd period - Jaccob Slavin is hit by T.J. Oshie and loses puck.
15:42 of 2nd period - Minor Penalty to T.J. Oshie for Checking from behind.
15:43 of 2nd period - Nick Suzuki wins face-off versus Robert Thomas in Hartford Whalers zone.
16:05 of 2nd period - Ryan Suter is hit by Claude Giroux and loses puck.
17:24 of 2nd period - Jack Eichel is hit by Ryan McDonagh and loses puck.
17:42 of 2nd period - Penalty to T.J. Oshie is over, T.J. Oshie is back on ice.
17:43 of 2nd period - T.J. Oshie is hit by Mark Stone and loses puck.
17:54 of 2nd period - Snap shot by Morgan Frost.
17:54 of 2nd period - Stopped by Scott Wedgewood with a rebound.
18:28 of 2nd period - Samuel Girard is hit by Jaccob Slavin and loses puck.
19:23 of 2nd period - Slapshot by Morgan Frost.
19:23 of 2nd period - Shot Misses the Net.
19:42 of 2nd period - Off-side.
19:43 of 2nd period - Robert Thomas wins face-off versus Nick Suzuki in neutral zone.
Goals for this period are 0 for St.Louis Blues vs 1 for Hartford Whalers.
Shots for this period are 9 for St.Louis Blues vs 5 for Hartford Whalers.
3rd period
0:01 of 3rd period - Tomas Tatar wins face-off versus Mark Stone in neutral zone.
0:16 of 3rd period - Wrist shot by Ryan Suter.
0:16 of 3rd period - Stopped by Scott Wedgewood with a rebound.
1:33 of 3rd period - Miles Wood is hit by Jack Eichel.
1:39 of 3rd period - Nick Leddy is hit by Miles Wood.
3:05 of 3rd period - Snap shot by Jake Guentzel.
3:05 of 3rd period - Shot Misses the Net.
3:12 of 3rd period - Icing by T.J. Oshie.
3:13 of 3rd period - Joshua Norris wins face-off versus Jack Eichel in Hartford Whalers zone.
3:18 of 3rd period - Jaccob Slavin is hit by Morgan Frost and loses puck.
3:46 of 3rd period - Wrist shot by Joshua Norris.
3:46 of 3rd period - Shot Blocked by Jaccob Slavin.
3:48 of 3rd period - Snap shot by Morgan Frost.
3:48 of 3rd period - Shot Misses the Net.
3:50 of 3rd period - Wrist shot by T.J. Oshie.
3:50 of 3rd period - Stopped by Scott Wedgewood without a rebound.
3:51 of 3rd period - Miles Wood wins face-off versus Jack Eichel in St.Louis Blues zone.
4:00 of 3rd period - Wrist shot by Elias Pettersson.
4:00 of 3rd period - Shot Misses the Net.
4:02 of 3rd period - Snap shot by Mark Stone.
4:02 of 3rd period - Shot Misses the Net.
4:25 of 3rd period - Wrist shot by Kaapo Kakko.
4:25 of 3rd period - Stopped by Scott Wedgewood with a rebound.
4:43 of 3rd period - Elias Lindholm is hit by Nick Suzuki and loses puck.
5:04 of 3rd period - Snap shot by Elias Pettersson.
5:04 of 3rd period - Shot Misses the Net.
5:06 of 3rd period - Snap shot by Jack Eichel.
5:06 of 3rd period - Shot Misses the Net.
5:08 of 3rd period - Snap shot by Mark Stone.
5:08 of 3rd period - Stopped by Spencer Knight without a rebound.
5:09 of 3rd period - Nick Suzuki wins face-off versus Robert Thomas in Hartford Whalers zone.
5:13 of 3rd period - Off-side.
5:14 of 3rd period - Robert Thomas wins face-off versus Nick Suzuki in neutral zone.
5:17 of 3rd period - Slapshot by Robert Thomas.
5:17 of 3rd period - Stopped by Spencer Knight without a rebound.
5:18 of 3rd period - Nick Suzuki wins face-off versus Robert Thomas in Hartford Whalers zone.
5:27 of 3rd period - Snap shot by Matt Duchene.
5:27 of 3rd period - Stopped by Scott Wedgewood without a rebound.
5:28 of 3rd period - Nick Suzuki wins face-off versus Jack Eichel in St.Louis Blues zone.
5:39 of 3rd period - Snap shot by Matt Duchene.
5:39 of 3rd period - Shot Misses the Net.
5:57 of 3rd period - Icing by Ryan Suter.
5:58 of 3rd period - Elias Lindholm wins face-off versus Nick Suzuki in Hartford Whalers zone.
6:14 of 3rd period - Slapshot by Matt Duchene.
6:14 of 3rd period - Shot Blocked by Alex Tuch.
6:16 of 3rd period - Slapshot by Kaiden Guhle.
6:16 of 3rd period - Shot Blocked by Alex Tuch.
6:18 of 3rd period - Wrist shot by Nick Suzuki.
6:18 of 3rd period - Shot Blocked by Jaccob Slavin.
6:20 of 3rd period - Wrist shot by Nick Suzuki.
6:20 of 3rd period - Stopped by Scott Wedgewood with a rebound.
6:22 of 3rd period - Wrist shot by Matt Duchene.
6:22 of 3rd period - Stopped by Scott Wedgewood with a rebound.
6:32 of 3rd period - Wrist shot by Matt Duchene.
6:32 of 3rd period - Stopped by Scott Wedgewood with a rebound.
6:38 of 3rd period - Slapshot by Nick Suzuki.
6:38 of 3rd period - Shot Misses the Net.
6:40 of 3rd period - Slapshot by Samuel Girard.
6:40 of 3rd period - Shot Misses the Net.
6:42 of 3rd period - Wrist shot by Anthony Cirelli.
6:42 of 3rd period - Shot Blocked by Jake Sanderson.
6:44 of 3rd period - Backhand shot by Charlie McAvoy.
6:44 of 3rd period - Stopped by Scott Wedgewood with a rebound.
6:46 of 3rd period - Wrist shot by Ryan McDonagh.
6:46 of 3rd period - Stopped by Scott Wedgewood with a rebound.
6:48 of 3rd period - Slapshot by Ryan McDonagh.
6:48 of 3rd period - Stopped by Scott Wedgewood with a rebound.
7:07 of 3rd period - Wrist shot by Matt Duchene.
7:07 of 3rd period - Stopped by Scott Wedgewood with a rebound.
7:39 of 3rd period - Wrist shot by Elias Lindholm.
7:39 of 3rd period - Deflect By Alex Tuch.
7:39 of 3rd period - Shot Blocked by Nick Suzuki.
7:39 of 3rd period - Puck is out of play.
7:40 of 3rd period - Jack Eichel wins face-off versus Miles Wood in Hartford Whalers zone.
8:25 of 3rd period - Icing by Charlie McAvoy.
8:26 of 3rd period - Joshua Norris wins face-off versus Lars Eller in Hartford Whalers zone.
8:39 of 3rd period - Wrist shot by Tomas Tatar.
8:39 of 3rd period - Stopped by Scott Wedgewood without a rebound.
8:40 of 3rd period - Joshua Norris wins face-off versus Jack Eichel in St.Louis Blues zone.
8:53 of 3rd period - Snap shot by Jack Eichel.
8:53 of 3rd period - Stopped by Spencer Knight with a rebound.
8:55 of 3rd period - Slapshot by Colton Parayko.
8:55 of 3rd period - Stopped by Spencer Knight with a rebound.
9:07 of 3rd period - Samuel Girard is hit by Lars Eller and loses puck.
9:16 of 3rd period - Snap shot by Lars Eller.
9:16 of 3rd period - Shot Misses the Net.
9:18 of 3rd period - Wrist shot by Dakota Joshua.
9:18 of 3rd period - Stopped by Spencer Knight without a rebound.
9:19 of 3rd period - Jack Eichel wins face-off versus Miles Wood in Hartford Whalers zone.
9:26 of 3rd period - Kaapo Kakko is hit by Mark Stone and loses puck.
9:52 of 3rd period - Icing by Taylor Hall.
9:53 of 3rd period - Robert Thomas wins face-off versus Taylor Hall in Hartford Whalers zone.
9:54 of 3rd period - Snap shot by Jake Guentzel.
9:54 of 3rd period - Shot Misses the Net.
9:56 of 3rd period - Wrist shot by Jake Guentzel.
9:56 of 3rd period - Shot Misses the Net.
9:58 of 3rd period - Slapshot by Colton Parayko.
9:58 of 3rd period - Shot Misses the Net.
10:00 of 3rd period - Wrist shot by Tage Thompson.
10:00 of 3rd period - Shot Misses the Net.
10:08 of 3rd period - Snap shot by Robert Thomas.
10:08 of 3rd period - Stopped by Spencer Knight with a rebound.
10:10 of 3rd period - Snap shot by Jake Guentzel.
10:10 of 3rd period - Stopped by Spencer Knight with a rebound.
10:24 of 3rd period - Snap shot by Tomas Tatar.
10:24 of 3rd period - Shot Misses the Net.
11:47 of 3rd period - Matt Duchene is hit by Mikhail Sergachev and loses puck.
12:10 of 3rd period - Snap shot by Lars Eller.
12:10 of 3rd period - Shot Misses the Net.
12:12 of 3rd period - Slapshot by Alex Pietrangelo.
12:12 of 3rd period - Deflect By Lars Eller.
12:12 of 3rd period - Deflect By Samuel Girard.
12:12 of 3rd period - Shot Misses the Net.
12:12 of 3rd period - Puck is out of play.
12:13 of 3rd period - Lars Eller wins face-off versus Miles Wood in Hartford Whalers zone.
12:37 of 3rd period - Icing by Lars Eller.
12:38 of 3rd period - Jack Eichel wins face-off versus Taylor Hall in St.Louis Blues zone.
12:49 of 3rd period - Mark Stone is hit by Matthew Coronato and loses puck.
13:04 of 3rd period - Kaapo Kakko is hit by Alex Pietrangelo and loses puck.
13:13 of 3rd period - Wrist shot by Kaapo Kakko.
13:13 of 3rd period - Shot Hit the Post.
13:44 of 3rd period - Off-side.
13:45 of 3rd period - Miles Wood wins face-off versus Mark Stone in neutral zone.
14:12 of 3rd period - Jaccob Slavin is hit by Ryan Suter and loses puck.
14:17 of 3rd period - Snap shot by Lukas Reichel.
14:17 of 3rd period - Shot Misses the Net.
14:19 of 3rd period - Slapshot by Ryan McDonagh.
14:19 of 3rd period - Deflect By Taylor Hall.
14:19 of 3rd period - Stopped by Scott Wedgewood with a rebound.
14:21 of 3rd period - Slapshot by Charlie McAvoy.
14:21 of 3rd period - Stopped by Scott Wedgewood without a rebound.
14:22 of 3rd period - Miles Wood wins face-off versus Jack Eichel in St.Louis Blues zone.
14:23 of 3rd period - Slapshot by Charlie McAvoy.
14:23 of 3rd period - Shot Misses the Net.
14:29 of 3rd period - Mikhail Sergachev is hit by Miles Wood.
15:21 of 3rd period - Morgan Frost is hit by Robert Thomas and loses puck.
15:36 of 3rd period - Samuel Girard is hit by Claude Giroux and loses puck.
17:36 of 3rd period - Wrist shot by Elias Lindholm.
17:36 of 3rd period - Shot Misses the Net.
17:40 of 3rd period - Wrist shot by Claude Giroux.
17:40 of 3rd period - Shot Misses the Net.
17:50 of 3rd period - Jake Guentzel is hit by Taylor Hall and loses puck.
18:07 of 3rd period - Mark Stone is hit by Charlie McAvoy and loses puck.
18:34 of 3rd period - Nick Leddy is hit by Alec Martinez and loses puck.
18:51 of 3rd period - Robert Thomas is hit by Ryan Suter and loses puck.
19:18 of 3rd period - Snap shot by Nick Suzuki.
19:18 of 3rd period - Stopped by Scott Wedgewood with a rebound.
19:20 of 3rd period - Slapshot by Kaiden Guhle.
19:20 of 3rd period - Deflect By Nick Suzuki.
19:20 of 3rd period - Stopped by Scott Wedgewood with a rebound.
19:22 of 3rd period - Wrist shot by Anthony Cirelli.
19:22 of 3rd period - Deflect By Nick Suzuki.
19:22 of 3rd period - Shot Misses the Net.
19:22 of 3rd period - Puck is out of play.
19:23 of 3rd period - Mike Sullivan call a timeout for St.Louis Blues.
19:23 of 3rd period - Jake Guentzel wins face-off versus Nick Suzuki in St.Louis Blues zone.
19:39 of 3rd period - St.Louis Blues, Scott Wedgewood is pulled from the net.
19:41 of 3rd period - Snap shot by Robert Thomas.
19:41 of 3rd period - Shot Blocked by Kaiden Guhle.
19:47 of 3rd period - Nick Suzuki is hit by Robert Thomas and loses puck.
Goals for this period are 0 for St.Louis Blues vs 0 for Hartford Whalers.
Shots for this period are 7 for St.Louis Blues vs 16 for Hartford Whalers.
Back to the Top